Map: Dusk Towers

Players

llllllllllll

  • Race: Terran Terran
  • League: Diamond

Wronglllllll - Winner!

  • Race: Zerg Zerg
  • League: Diamond

VOD

Have the link to the VOD?

Description

Time

  • Played on: Jan. 18, 2016, 2:16 a.m.
  • Length: 26:15
Show
View Real Time Build Order
Export as new Build Order

llllllllllll Terran 

Build Orders: Reaper Expand, MMM Bio 

Get SALT Encoding   

  12  0:01  SCV  
  13  0:13  SCV  
  14  0:18  Supply Depot  
  14  0:25  SCV  
  15  0:40  SCV  
  15  0:42  Barracks  
  16  0:46  Refinery  
  16  0:52  SCV  
  17  1:04  SCV  
  18  1:16  SCV  
  19  1:29  Orbital Command  
  19  1:32  Reaper  
  20  1:41  Command Center  
  20  1:46  Supply Depot  
  20  1:54  SCV  
  20  1:57  Refinery  
  21  2:04  Marine  
  21  2:06  SCV  
  23  2:13  Factory  
  23  2:18  SCV  
  24  2:27  Barracks Reactor  
  24  2:32  SCV  
  26  2:44  SCV  
  26  2:54  Orbital Command  
  26  2:56  SCV  
  27  3:00  Starport  
  27  3:08  SCV  
  28  3:18  Hellion  
  28  3:19  Hellion  
  32  3:21  SCV  
  32  3:24  Armory  
  32  3:25  Marine  
  34  3:28  SCV  
  34  3:30  Supply Depot  
  34  3:33  SCV  
  36  3:36  Medivac  
  36  3:40  Hellion  
  40  3:43  Marine  
  40  3:44  SCV  
  40  3:46  SCV  
  43  3:53  Hellion  
  45  3:56  SCV  
  45  4:01  Hellion  
  45  4:02  Barracks Tech Lab  
  48  4:03  Liberator  
  48  4:15  Hellion  
  53  4:25  SCV, Stimpack  
  53  4:30  Supply Depot  
  53  4:31  SCV, Marauder, Supply Depot  
  59  4:37  Widow Mine x2  
  61  4:45  SCV  
  62  4:47  Command Center  
  62  4:52  SCV  
  57  5:14  Marine  
  57  5:17  SCV  
  57  5:21  Barracks  
  58  5:22  Engineering Bay x2  
  58  5:23  SCV  
  58  5:24  Barracks  
  59  5:29  SCV  
  59  5:32  Marine  
  59  5:35  SCV  
  53  5:44  SCV  
  53  5:47  SCV, Starport Reactor  
  53  5:48  Terran Infantry Weapons Level 1  
  55  5:50  Barracks, Marine  
  55  5:51  Terran Infantry Armor Level 1, Barracks  
  54  6:04  Factory Reactor  
  54  6:05  Orbital Command  
  54  6:10  Barracks Tech Lab  
  54  6:12  Barracks Tech Lab  
  54  6:17  Marine  
  55  6:19  SCV x2  
  57  6:32  Marine x2  
  58  6:35  Marauder  
  58  6:38  Refinery  
  58  6:39  Refinery  
  61  6:42  Marine  
  61  6:43  Orbital Command, Marine  
  63  6:51  Marauder x2  
  67  6:57  Barracks Reactor, Marauder  
  67  7:00  Marine x2  
  71  7:05  Medivac x2  
  72  7:10  Terran Vehicle Weapons Level 1  
  72  7:11  Supply Depot, Marine x2  
  72  7:12  Supply Depot  
  72  7:13  Supply Depot  
  72  7:14  SCV x2  
  76  7:18  Marine x3  
  76  7:22  Factory Tech Lab, Concussive Shells  
  79  7:23  Combat Shields  
  79  7:29  Marine  
  80  7:36  Marine x2  
  81  7:37  Marauder  
  81  7:38  Marauder  
  81  7:42  Medivac  
  88  7:44  Refinery  
  88  7:45  Refinery  
  88  7:48  Marine x2, Marauder  
  92  7:54  Marine x2  
  92  7:55  Supply Depot x2  
  92  7:57  Command Center, Missile Turret  
  94  7:58  Supply Depot, Marine x2  
  94  7:59  Siege Tank  
  94  8:01  Supply Depot  
  99  8:06  Marine x2  
  99  8:10  Marine  
  99  8:12  Marine  
  103  8:14  Medivac  
  103  8:15  Medivac  
  103  8:17  Marauder x2  
  111  8:24  Marine x3  
  111  8:27  SCV x3  
  116  8:28  Marine  
  118  8:37  Factory  
  118  8:39  SCV x2  
  120  8:47  Marine x2, Medivac x2  
  120  8:48  Marine  
  126  9:08  Marine x2  
  126  9:09  Marauder x3  
  134  9:10  Marine x2  
  124  9:26  Marine x2  
  124  9:28  Marine  
  124  9:30  Marauder  
  124  9:33  Marine x3  
  124  9:35  Siege Tank  
  130  9:39  Terran Infantry Weapons Level 2  
  130  9:44  Marine x2  
  130  9:48  Marine  
  130  9:50  Terran Infantry Armor Level 2  
  130  9:51  Factory Tech Lab, Marauder, Marine x2  
  125  10:06  Marine x3  
  128  10:09  Marauder  
  128  10:13  Medivac x2, Marauder  
  136  10:19  Thor  
  142  10:27  Terran Vehicle Weapons Level 2  
  142  10:32  Planetary Fortress  
  142  10:42  Marine x3  
  142  10:43  Marine x2  
  147  10:57  Marine x2, Medivac x2  
  149  10:58  Thor  
  149  11:01  Marauder  
  149  11:03  Ghost Academy  
  161  11:08  Supply Depot  
  161  11:10  Marine x3  
  164  11:12  Thor  
  164  11:15  Marauder  
  172  11:29  Marine x4  
  172  11:30  Marauder x2  
  175  11:36  Marine  
  138  11:47  Thor, Marine x4  
  138  11:51  Marauder x2  
  152  11:54  Marauder  
  152  11:55  Thor  
  152  11:56  Barracks x2  
  152  11:57  SCV x3, Refinery, Barracks  
  152  11:59  Refinery  
  163  12:05  Marine x4  
  167  12:09  Supply Depot  
  167  12:11  Supply Depot  
  167  12:14  Terran Infantry Weapons Level 3  
  167  12:22  Terran Infantry Armor Level 3  
  147  12:34  Marine x3  
  147  12:35  Marauder x2  
  130  12:44  Barracks Tech Lab x2  
  130  12:46  Barracks Tech Lab  
  130  12:52  Personal Cloaking, Supply Depot  
  130  12:53  Terran Vehicle Weapons Level 3  
  130  12:56  Marauder  
  130  12:57  Marauder x2  
  136  13:01  Medivac  
  136  13:02  Medivac  
  140  13:24  Marine x5  
  140  13:26  Marauder x5  
  155  13:28  Thor  
  161  13:42  Marine x4  
  161  13:43  Marauder  
  161  13:47  Marauder  
  167  13:54  Marauder x2, Marine x2  
  150  14:11  Marine x2  
  150  14:12  Marauder x3  
  108  14:30  Medivac x2  
  112  14:31  Marine x2  
  112  14:33  Marauder x4  
  112  14:34  Marauder  
  124  14:54  Thor x2  
  124  14:55  Marine x5  
  124  14:56  Marine x2  
  143  15:08  Medivac x2  
  143  15:12  SCV x3  
  150  15:21  Marauder x5  
  158  15:22  Marine x4, Marauder  
  158  15:23  Orbital Command  
  166  15:34  Terran Vehicle And Ship Armor Level 1  
  166  15:38  Medivac x2  
  170  15:48  Marine x3  
  170  15:49  Marauder x4  
  174  16:04  Marine x3  
  174  16:08  Viking x2  
  174  16:10  Marauder x2  
  147  16:34  Marine x3  
  147  16:35  Marauder x2, Marine  
  147  16:36  Marauder x2  
  153  16:41  Marine x2  
  149  16:52  Marine x2  
  151  16:57  Marauder x4  
  151  16:59  Marauder  
  115  17:11  Marine  
  115  17:12  Marine x2  
  104  17:31  Marine x2  
  104  17:32  Marauder x2, Marine  
  104  17:33  Marauder x3  
  117  17:46  Marine x2  
  117  17:49  Marine x2, Medivac x2  
  125  17:54  Marauder x3  
  125  17:55  Ghost x2  
  135  18:04  Ghost  
  137  18:10  Marine x2  
  139  18:14  Ghost  
  139  18:15  Marauder x2  
  139  18:18  Marine  
  139  18:19  Marine  
  135  18:23  Marine, Medivac x2  
  135  18:24  Marine  
  141  18:32  Ghost  
  143  18:36  Ghost x2  
  143  18:37  Marine x3  
  143  18:38  Marine  
  151  18:56  Marine x2  
  151  18:57  Marauder x3  
  151  18:59  Thor x2  
  151  19:01  Marauder  
  159  19:18  Marine x3  
  159  19:19  Marauder x5  
  159  19:20  Medivac x2  
  159  19:23  Marauder  
  178  19:35  Marine  
  178  19:36  Marine x3  
  182  19:40  Marine  
  182  19:42  Siege Tank  
  182  19:43  Siege Tank  
  189  19:46  Command Center  
  189  19:54  Marine x3  
  189  20:00  Marine  
  189  20:01  Ghost x3  
  189  20:02  Ghost x2  
  191  20:25  Medivac x2  
  194  20:33  Refinery x2  
  187  20:55  Medivac x2  
  109  21:05  Marauder, Marine x2  
  109  21:06  Marauder x2  
  101  21:33  Marine x3  
  101  21:34  Marauder x2  
  101  21:39  Marine x2  
  114  21:40  Marauder x3  
  116  21:52  Marine x2  
  116  21:53  Marine  
  116  21:54  Siege Tank x2  
  125  21:55  Marauder x2  
  125  21:57  Marauder, Marine  
  125  22:00  Planetary Fortress  
  134  22:01  Marauder  
  134  22:10  Marine x2  
  134  22:11  Marine  
  124  22:40  Marine  
  125  22:53  Missile Turret  
  125  22:55  Missile Turret  
  125  23:12  Orbital Command  
  125  23:20  Marine x3  
  125  23:21  Marauder x3  
  125  23:26  Marine x2  
  125  23:27  Marauder, Marine  
  136  23:28  Siege Tank x2  
  145  23:42  Marauder x2  
  145  23:43  Marauder  
  151  23:53  Marine  
  151  23:54  Marauder, Marine x2  
  127  24:37  Marine x2  
  127  24:38  Marine x2, Marauder x2  
  102  24:39  Marauder  
  78  24:52  Marine x3  
  80  24:54  Marine  
  65  25:27  Orbital Command  
Show
View Real Time Build Order
Export as new Build Order

Wronglllllll Zerg - Winner!

Build Orders: Hatch First 

Get SALT Encoding   

  12  0:01  Drone  
  13  0:08  Drone  
  14  0:17  Overlord  
  14  0:24  Drone, Extractor  
  15  0:36  Drone  
  15  0:37  Drone  
  17  0:56  Hatchery, Drone  
  17  0:59  Drone  
  18  1:13  Spawning Pool  
  18  1:15  Drone  
  18  1:19  Drone  
  19  1:28  Drone  
  20  1:43  Hatchery  
  20  1:45  Drone  
  20  1:51  Drone  
  21  2:01  Overlord  
  21  2:05  Extractor  
  21  2:06  Queen  
  23  2:12  Queen  
  23  2:14  Zergling x2  
  23  2:15  Zergling x2  
  27  2:20  Drone  
  28  2:27  Drone  
  29  2:33  Drone  
  29  2:34  Drone  
  30  2:52  Queen  
  30  2:53  Overlord  
  30  2:54  Queen  
  30  2:57  Drone x4  
  38  3:02  Queen  
  40  3:21  Drone x6  
  46  3:27  Extractor x2  
  46  3:32  Overlord  
  46  3:33  Drone x5  
  49  3:37  Overlord  
  49  3:59  Queen  
  49  4:00  Drone x8  
  49  4:01  Roach Warren  
  58  4:08  Overlord, Spine Crawler  
  58  4:09  Overlord  
  57  4:33  Overlord  
  57  4:35  Drone x8  
  65  4:42  Overlord  
  65  4:43  Roach  
  65  4:44  Roach x3  
  73  4:48  Lair  
  70  5:10  Roach  
  70  5:11  Roach x7  
  79  5:21  Ravager  
  79  5:27  Roach  
  79  5:28  Roach x2  
  82  5:29  Zergling x6  
  82  5:30  Zergling x6  
  81  5:46  Extractor  
  81  5:47  Extractor  
  78  5:58  Ravager  
  77  6:06  Spore Crawler  
  77  6:09  Spore Crawler  
  75  6:19  Queen  
  75  6:23  Drone x12, Extractor  
  75  6:24  Extractor  
  87  6:35  Spore Crawler  
  86  6:53  Roach x2  
  88  6:55  Overlord x4  
  88  6:59  Evolution Chamber  
  87  7:01  Evolution Chamber  
  87  7:08  Drone x3  
  87  7:10  Overlord  
  87  7:11  Overlord x2  
  89  7:16  Drone x2  
  89  7:17  Drone  
  89  7:19  Glial Reconstitution  
  92  7:26  Drone x3  
  92  7:28  Zerg Missile Weapons Level 1, Zerg Ground Armor Level 1  
  95  7:32  Drone x2  
  95  7:33  Drone  
  95  7:36  Drone x2  
  100  7:39  Metabolic Boost  
  100  7:41  Overlord x2  
  100  7:45  Drone  
  100  7:46  Drone x2  
  100  7:48  Roach x2  
  100  7:51  Ravager  
  108  8:00  Overlord  
  108  8:02  Roach x4  
  116  8:06  Queen  
  116  8:08  Queen  
  116  8:09  Hatchery  
  119  8:16  Roach  
  119  8:17  Roach x8  
  137  8:25  Evolution Chamber, Overlord x2  
  137  8:26  Roach  
  142  8:27  Spire, Roach x2  
  141  8:36  Ravager x5  
  141  8:37  Ravager  
  141  8:38  Zergling x6  
  141  8:40  Overlord  
  150  8:42  Roach  
  150  8:43  Roach x2  
  156  8:51  Roach x7  
  165  9:08  Roach x6  
  167  9:17  Spawning Pool  
  151  9:30  Zerg Missile Weapons Level 2  
  151  9:31  Zerg Ground Armor Level 2  
  140  9:41  Drone x5  
  140  9:42  Drone x8  
  153  9:58  Roach x7  
  149  10:11  Queen  
  149  10:15  Drone  
  149  10:18  Overseer  
  150  10:23  Queen  
  152  10:32  Roach x5  
  152  10:33  Roach x6  
  174  10:37  Burrow  
  174  10:38  Infestation Pit  
  174  10:39  Zerg Melee Weapons Level 1  
  173  10:44  Overlord  
  173  10:45  Overlord x3  
  173  10:48  Extractor x2  
  171  10:55  Drone x4, Spine Crawler  
  171  10:56  Spine Crawler  
  173  11:01  Roach x4  
  181  11:04  Ravager  
  181  11:05  Ravager x6  
  188  11:12  Drone x3  
  188  11:16  Hive  
  188  11:18  Zergling x10  
  196  11:21  Spore Crawler  
  187  11:37  Roach  
  187  11:38  Roach x10  
  177  11:46  Queen  
  179  11:51  Corruptor x5  
  189  11:56  Corruptor  
  189  11:58  Zergling x10  
  196  12:04  Overseer  
  196  12:09  Drone  
  196  12:10  Drone x3  
  195  12:29  Roach x3  
  182  12:30  Roach x10  
  139  12:41  Roach  
  139  12:42  Roach x3  
  137  12:49  Greater Spire  
  137  12:58  Zerg Missile Weapons Level 3  
  137  12:59  Zerg Melee Weapons Level 2  
  137  13:05  Zergling x12  
  140  13:06  Hatchery  
  140  13:11  Ravager x4  
  140  13:12  Ravager  
  147  13:27  Pathogen Glands  
  147  13:35  Zerg Ground Armor Level 3  
  147  13:40  Roach x10  
  147  13:41  Roach x5  
  171  14:09  Roach  
  161  14:10  Roach x12  
  153  14:26  Queen  
  153  14:28  Hatchery  
  154  14:32  Drone x6  
  160  14:45  Extractor, Zergling x12  
  165  14:47  Extractor  
  164  15:01  Brood Lord x4  
  164  15:05  Brood Lord  
  174  15:09  Brood Lord  
  176  15:14  Ravager x7  
  176  15:19  Drone x4  
  187  15:40  Zergling x2  
  187  15:41  Zergling x24  
  200  15:49  Adrenal Glands  
  188  16:11  Zergling x32  
  179  16:12  Zergling x4  
  182  16:21  Ravager  
  182  16:22  Ravager x12  
  171  16:40  Zergling x2  
  171  16:41  Zergling x24  
  164  16:51  Zergling x6  
  132  17:09  Zergling x20  
  130  17:39  Infestor x10  
  130  17:42  Hatchery  
  149  17:50  Zerg Melee Weapons Level 3  
  149  18:06  Roach x8  
  153  18:39  Roach x10  
  153  18:40  Roach x3  
  179  18:45  Extractor  
  179  18:48  Extractor  
  176  19:13  Ravager x17  
  176  19:16  Zergling x14  
  200  19:24  Overseer x2  
  200  19:26  Pneumatized Carapace  
  200  19:41  Extractor  
  187  20:20  Zergling x26  
  187  20:21  Zergling x2  
  191  20:55  Hatchery  
  169  21:00  Zergling x30  
  154  21:41  Ultralisk Cavern  
  153  21:49  Corruptor x6  
  165  21:55  Zergling x4  
  165  21:56  Zergling x14  
  174  22:08  Hatchery  
  171  22:27  Chitinous Plating  
  169  22:40  Brood Lord  
  169  22:41  Brood Lord x4  
  169  22:43  Overlord  
  169  22:44  Overlord  
  179  22:46  Infestor x4  
  179  22:51  Ultralisk  
  185  23:05  Extractor  
  185  23:06  Ultralisk x2  
  196  23:33  Hatchery  
  170  23:56  Ultralisk  
  170  23:57  Ultralisk x2  
  161  24:19  Zergling x28  
  161  24:20  Zergling x12  
  76  24:53  Drone x10  
  71  25:49  Drone  
  74  25:50  Drone x2  
  74  25:57  Extractor  
Tags
 
Add a new tag
Caveats
  • Supply blocks, unpowered buildings, or Contaminate may cause inaccurate times.
  • Supply counts are checked every 10 seconds.